cohdb
Replays
Latest Replays
All Replays
Popular Replays
Top Player Replays
Match Explorer
How It Works
Community
CoH3 Stats
Reddit
Sign in to upload your games and track your stats! →
Sign in with Steam
Match 27348994
Unlisted
Match 27348994
Overview
Messages
Build Orders
End
Royal Engineer Section
Construct Section Command Post
Construct Platoon Command Post
Construct Company Command Post
Selects Indian Artillery Battlegroup
Selects Valour
Selects Gurkha Rifles Section
Gurkha Rifles Section
Selects Towed ML 4.2-inch Heavy Mortar
Crusader II Medium Tank
Construct Field Infirmary
Armored Vehicle Training
Towed ML 4.2-inch Heavy Mortar
Unlock M3 Grant Medium Tanks
Selects Off-map Airburst Barrage
Selects Off-map Airburst Barrage
Selects BL5.5 Artillery Emplacement
M3 Grant Medium Tank
Off-map Airburst Barrage
Off-map Airburst Barrage
Gurkha Rifles Section
M3 Grant Medium Tank
M3 Grant Medium Tank
AI Takeover
TeflonBC
princeofpersia9172
鬼火骚年
MMMMMMMMMMMM
Laeiners
kirman
OctOkun
开局冲vp没马
0
0
Comments
sign in to comment!
No comments posted yet!